 Dungeon Crawl Stone Soup version 0.31-a0-1620-gcbf77bbcfc (webtiles) character file.

Game seed: 13775310196757520013

88 Dirtsage the Changeling (level 4, -7/29 HPs)
             Began as an Octopode Shapeshifter on Jan 12, 2024.
             Mangled by Terence
             ... wielding a +4 mace of protection
              (8 damage)
             ... on level 3 of the Dungeon.
             The game lasted 00:02:55 (2016 turns).

Dirtsage the Changeling (Octopode Shapeshifter)     Turns: 2016, Time: 00:02:56

Health: -7/29      AC:  1    Str: 13    XL:     4   Next: 53%
Magic:  4/4        EV: 13    Int: 12    God:
Gold:   101        SH:  0    Dex: 13    Spells: 3/3 levels left

rFire   . .          .
                       - Unarmed
rCold   . . .        (no shield)
rNeg    . . .        (helmet currently unavailable)
rPois   .            (no amulet)
rElec   .            S - ring of see invisible
rCorr   .            (no ring)
SInv    +            (no ring)
Will    .....        (no ring)
Stlth   ++           (no ring)
HPRegen 0.24/turn    (no ring)
MPRegen 0.09/turn    (no ring)
                     (no ring)

%: no passive effects
@: beast-form
A: beast (slay +2), almost no armour, amphibious, 8 rings, camouflage 1,
gelatinous body 1, (nimble swimmer 1), tentacles
a: Begin Untransformation


You were on level 3 of the Dungeon.
You were a hulking beast.
You visited 1 branch of the dungeon, and saw 3 of its levels.

You collected 101 gold pieces.

Inventory:

Jewellery
 S - a ring of see invisible (left tentacle)
Talismans
 b - a beast talisman
 c - a flux talisman
Scrolls
 f - a scroll of amnesia {unknown}
 g - a scroll of immolation {unknown}
Potions
 a - a potion of lignification
 d - a potion of attraction {unknown}
 e - a potion of heal wounds {unknown}
 h - a potion of might {unknown}
 i - a potion of cancellation {unknown}


   Skills:
 + Level 1.9 Fighting
 + Level 2.6 Dodging
 + Level 3.5 Unarmed Combat
 * Level 3.8 Shapeshifting


You had 3 spell levels left.
You didn't know any spells.
Your spell library contained the following spells:

 Spells                   Type           Power      Damage    Failure   Level
 Summon Small Mammal      Summ           0%         N/A       32%         1
 Call Canine Familiar     Summ           0%         N/A       69%         3
 Frozen Ramparts          Ice            0%         1d1       69%         3
 Leda's Liquefaction      Alch/Erth      0%         N/A       97%         4
 Petrify                  Alch/Erth      0%         N/A       97%         4
 Summon Blazeheart Golem  Fire/Summ      0%         N/A       97%         4
 Metabolic Englaciation   Hex/Ice        0%         N/A       100%        5


Dungeon Overview and Level Annotations

Branches:
Dungeon (3/15)

Altars:

Shops:
D:2 [

Annotations:
D:3 Terence


Innate Abilities, Weirdness & Mutations

You are a hulking beast.
Your limbs bulge with bestial killing power. (Slay +2)
You cannot wear most types of armour.
You are amphibious.
You can wear up to eight rings at the same time.
Your skin changes colour to match your surroundings (Stealth+).
Your rubbery body absorbs attacks. (AC +1, EV +1)
((You are camouflaged when in or above water. (Stealth+)))
You have tentacles for arms and can constrict up to eight enemies at once.


Message History

Done exploring.
There is a stone staircase leading down here.
You climb downwards.
There is a stone staircase leading up here.
Found a stone staircase leading up.
Terence the Incautious comes into view.
He is wielding a +4 mace of protection and wearing a +4 ring mail of willpower.
Terence shouts!
Terence shouts, "DIE!!!"
You have nothing you can fire or use right now.
You barely miss Terence. Your grab misses Terence.
Terence hits you with a +4 mace of protection!
You take 8 damage, and have 21/29 hp.
MASSIVE DAMAGE!!
You closely miss Terence. Your grab misses Terence.
You tentacle-slap Terence, but do no damage.
You tentacle-slap Terence. You grab Terence.
Terence is lightly wounded.
You constrict Terence, but do no damage.
Terence hits you with a +4 mace of protection!
You take 12 damage, and have 9/29 hp.
MASSIVE DAMAGE!!
You tentacle-slap Terence. You squeeze Terence, but do no damage.
Terence is moderately wounded.
You constrict Terence. Terence closely misses you.
You tentacle-slap Terence but do no damage.
Terence is moderately wounded.
You constrict Terence, but do no damage.
Terence barely misses you.
You tentacle-slap Terence but do no damage.
You squeeze Terence, but do no damage.
Terence is moderately wounded.
You constrict Terence.
Terence hits you with a +4 mace of protection!
* * * LOW HITPOINT WARNING * * *
You take 9 damage, and have 1/29 hp.
MASSIVE DAMAGE!!
You tentacle-slap Terence but do no damage.
You squeeze Terence.
Terence is heavily wounded.
You constrict Terence, but do no damage.
Terence hits you with a +4 mace of protection!
You die...
Terence says, "Rest in peace."

#...... ..#
....... ..#
....... #.# ##
......? ... ...
......@ #.#####.#
....... #.#..<..
.......##.#.#.###
.......@h.......#
.......##...#.#.#
.###### #.....#
#.#...# #..<..#
#.#.### ###.# #.#
#..


You could see Terence.

Vanquished Creatures
  Jessica (D:2)
  A gnoll (D:1)
  3 dart slugs
  3 ball pythons
  2 endoplasms
  A giant cockroach (D:2)
  2 goblins
  5 hobgoblins
  6 jackals (D:2)
  2 quokkas (D:2)
  3 bats
  A frilled lizard (D:1)
  7 kobolds
  6 rats
43 creatures vanquished.

Notes
Turn   | Place    | Note
-------+----------+-------------------------------------------
     0 | D:1      | Dirtsage the Octopode Shapeshifter began the quest for the
                  | Orb.
     0 | D:1      | Reached XP level 1. HP: 13/13 MP: 1/1
   323 | D:1      | Reached XP level 2. HP: 18/18 MP: 2/2
   642 | D:1      | Found a faded altar of an unknown god.
   871 | D:1      | Reached XP level 3. HP: 23/23 MP: 3/3
   967 | D:2      | Found Azeskug's Antique Armour Emporium.
  1297 | D:2      | Noticed Jessica
  1302 | D:2      | Killed Jessica
  1303 | D:2      | Reached XP level 4. HP: 15/29 MP: 4/4
  2005 | D:3      | Noticed Terence
  2015 | D:3      | HP: 1/29 [Terence/+4 mace of protection (9)]
  2016 | D:3      | Mangled by Terence

Illustrated notes

Levels and vault maps discovered:
D:1:      reono_arrival_forest_river, layout_basic,
          shapermc_ecumenical_altar_petra
D:2:      layout_loops_corners, serial_shops, nicolae_shop_tiny_waterfront,
          chequers_serial_rivers_small_b, nicolae_houndstooth_variations,
          uniq_jessica
D:3:      layout_basic, chequers_arboretum, uniq_terence, uniq_natasha

Action                     |  1- 3 |  4- 6 || total
---------------------------+-------+-------++-------
  Melee: Unarmed           |    62 |    34 ||    96
         Constrict         |    17 |    12 ||    29
         Tentacles         |    14 |     9 ||    23
         Punch             |     2 |     1 ||     3
   Stab: Sleeping          |     4 |     1 ||     5
 Armour: Skin              |    12 |    11 ||    23
  Dodge: Dodged            |    21 |    13 ||    34

Table legend: (Time is in decaauts)
 A = Elapsed time spent in this place.
 B = Non-inter-level travel time spent in this place.
 C = Inter-level travel time spent in this place.
 D = Time resting spent in this place.
 E = Time spent auto-exploring this place.
 F = Levels seen in this place.
 G = Mean time per level.
                   A        B        C        D        E       F      G
               +--------+--------+--------+--------+--------+-----+--------+
         Total |   2015 |   1901 |    114 |      0 |   1622 |   3 |  671.7 |
       Dungeon |   2015 |   1901 |    114 |      0 |   1622 |   3 |  671.7 |
               +--------+--------+--------+--------+--------+-----+--------+

Top non-repeatable levels by time:
     D:2: 1035 daAuts
     D:1: 964 daAuts
     D:3: 16 daAuts
